 Dungeon Crawl Stone Soup version 0.22.0-38-g04b72b8 (webtiles) character file.

193364 Lew the Carver (level 18, -1/147 HPs)
             Began as a Gnoll Fighter on Aug 27, 2018.
             Was the Champion of Okawaru.
             Slain by a water elemental (11 damage)
             ... summoned by Ilsuiw
             ... on level 2 of the Shoals.
             The game lasted 03:07:45 (31849 turns).

Lew the Carver (Gnoll Fighter)                     Turns: 31849, Time: 03:07:46

Health: -1/147     AC: 50    Str: 29      XL:     18   Next: 26%
Magic:  33/33      EV: 17    Int: 13 (15) God:    Okawaru [******]
Gold:   1128       SH: 12    Dex: 28 (30) Spells: 37/40 levels left

rFire    + . .     SeeInvis .   Q - +7 scimitar (elec)
rCold    + . .     Gourm    .   L - +3 buckler {reflect}
rNeg     . . .     Faith    .   H - +15 gold dragon scales "Wojebleo" {rPois rF+ rC+ Regen+ Int+5}
rPois    +         Spirit   .   n - +2 helmet
rElec    +         Reflect  +   j - +2 cloak
rCorr    .         Harm     .   z - +2 pair of gloves
MR       +++..                  N - +0 pair of boots of Tigus {rPois Dex+3}
Stlth    ..........             s - amulet of Leogeiqa {+Rage rElec MR+ Dex+6}
HPRegen  1.14/turn              V - ring "Xean" {EV+3 Dex+3}
MPRegen  0.23/turn              X - ring "Binas" {+Blink +Inv rElec MR+ AC+4}

@: mighty, engulfed (cannot breathe), studying Long Blades, heavily drained
A: distributed training, fangs 1, hooves 1, rugged brown scales 1, dopey 1,
regeneration 1, strong 1, strong nose
}: 1/15 runes: gossamer
a: Heroism, Finesse, Renounce Religion, Evoke Blink, Evoke Berserk Rage, Evoke
Invisibility


You were on level 2 of the Shoals.
You worshipped Okawaru.
Okawaru was exalted by your worship.
You were not hungry.

You visited 5 branches of the dungeon, and saw 29 of its levels.
You also visited: Labyrinth, Sewer, Ossuary and Ice Cave.

You collected 5005 gold pieces.
You spent 3877 gold pieces at shops.

Inventory:

Hand Weapons
 k - a +4 scimitar of flaming
 q - the +7 hand crossbow "Dragon's Nightmare" {penet, MR+ Int+4}
   (Okawaru gifted it to you in an ice cave)

   Ammo fired by it will pass through the targets it hits, potentially hitting
   all targets in its path until it reaches maximum range.
   It affects your intelligence (+4).
   It affects your resistance to hostile enchantments.
 Q - a +7 scimitar of electrocution (weapon)
 Y - a +5 broad axe of venom
Missiles
 K - 101 bolts
Armour
 j - a +2 cloak (worn)
 n - a +2 helmet (worn)
 z - a +2 pair of gloves (worn)
 H - the +15 gold dragon scales "Wojebleo" (worn) {rPois rF+ rC+ Regen+ Int+5}
   (You found it on level 8 of the Dungeon)

   It affects your intelligence (+5).
   It protects you from fire.
   It protects you from cold.
   It protects you from poison.
   It increases your rate of regeneration.
 L - a +3 buckler of reflection (worn)
 N - the +0 pair of boots of Tigus (worn) {rPois Dex+3}
   (Okawaru gifted it to you on level 9 of the Dungeon)

   It affects your dexterity (+3).
   It protects you from poison.
Jewellery
 c - the ring of Dughoz {Wiz rElec rC- rN+++ Stlth+}
   (You found it on level 15 of the Dungeon)

   [ring of wizardry]

   It improves your spell success rate.
   It makes you vulnerable to cold.
   It insulates you from electricity.
   It renders you almost immune to negative energy.
   It makes you more stealthy.
 m - an uncursed amulet of harm {unknown}
 p - a +4 ring of slaying
 s - the amulet of Leogeiqa (around neck) {+Rage rElec MR+ Dex+6}
   (You found it on level 3 of the Spider Nest)

   [amulet of rage]

   It affects your dexterity (+6).
   It insulates you from electricity.
   It affects your resistance to hostile enchantments.
   It lets you go berserk.
 O - the amulet "Tibreol" {MR++ Regen+ Dex-2 Stlth+}
   (You found it on level 3 of the Spider Nest)

   [amulet of regeneration]

   It affects your dexterity (-2).
   It affects your resistance to hostile enchantments.
   It increases your rate of regeneration.
   It makes you more stealthy.
 V - the ring "Xean" (left hand) {EV+3 Dex+3}
   (You found it on level 15 of the Dungeon)

   [ring of evasion]

   It affects your evasion (+3).
   It affects your dexterity (+3).
 X - the ring "Binas" (right hand) {+Blink +Inv rElec MR+ AC+4}
   (You took it off an orc warrior on level 15 of the Dungeon)

   [ring of protection]

   It affects your AC (+4).
   It insulates you from electricity.
   It affects your resistance to hostile enchantments.
   It lets you turn invisible.
   It lets you blink.
Wands
 i - a wand of disintegration (28)
 l - a wand of paralysis (51)
 u - a wand of enslavement (16)
 y - a wand of iceblast (49)
 M - a wand of digging (23)
 R - a wand of flame (34)
 S - a wand of acid (10)
 W - a wand of clouds (2)
 Z - a wand of scattershot (10)
Scrolls
 a - a scroll of holy word
 e - 2 scrolls of blinking
 h - 4 scrolls of fog
 v - 14 scrolls of remove curse
 x - 10 scrolls of teleportation
 B - a scroll of fear
 D - 8 scrolls of amnesia
 F - 5 scrolls of magic mapping
 G - 4 scrolls of silence
 T - 2 scrolls of identify
Potions
 d - a potion of might
 o - 7 potions of haste
 r - 4 potions of cancellation
 t - 6 potions of curing
 w - 4 potions of flight
 E - 9 potions of ambrosia
 J - 5 potions of brilliance
Books
 C - a manual of Long Blades
Miscellaneous
 b - a box of beasts
 g - a lightning rod (4/4)
 P - a sack of spiders
 U - a lamp of fire
Comestibles
 f - 44 rations


   Skills:
 + Level 13.3(11.3) Fighting
 + Level 11.9(10.0) Short Blades
 + Level 13.9(11.9) Long Blades
 + Level 12.6(10.6) Axes
 + Level 11.9(10.0) Maces & Flails
 + Level 11.9(10.0) Polearms
 + Level 11.9(10.0) Staves
 + Level 11.9(10.0) Slings
 + Level 11.9(10.0) Bows
 + Level 11.9(10.0) Crossbows
 + Level 11.9(10.0) Throwing
 + Level 13.3(11.3) Armour
 + Level 11.9(10.0) Dodging
 + Level 11.9(10.0) Stealth
 + Level 13.3(11.3) Shields
 + Level 11.9(10.0) Unarmed Combat
 + Level 11.9(10.0) Spellcasting
 + Level 10.2(8.3) Conjurations
 + Level 10.2(8.3) Hexes
 + Level 10.2(8.3) Charms
 + Level 10.2(8.3) Summonings
 + Level 10.2(8.3) Necromancy
 + Level 10.2(8.3) Translocations
 + Level 10.2(8.3) Transmutations
 + Level 10.2(8.3) Fire Magic
 + Level 10.2(8.3) Ice Magic
 + Level 10.2(8.3) Air Magic
 + Level 10.2(8.3) Earth Magic
 + Level 10.2(8.3) Poison Magic
 + Level 12.8(10.8) Invocations
 + Level 11.9(10.0) Evocations


You had 37 spell levels left.
You knew the following spells:

 Your Spells              Type           Power        Failure   Level  Hunger
a - Regeneration          Chrm/Necr      ####......   26%         3    #......

Your spell library contained the following spells:

 Spells                   Type           Power        Failure   Level  Hunger
 Animate Skeleton         Necr           N/A          9%          1    None
 Corona                   Hex            ####...      9%          1    None
 Flame Tongue             Conj/Fire      ####.        9%          1    None
 Freeze                   Ice            ####         9%          1    None
 Pain                     Necr           ####         9%          1    None
 Sandblast                Erth           ####..       9%          1    None
 Ensorcelled Hibernation  Hex/Ice        ####..       14%         2    None
 Passwall                 Tmut/Erth      ####....     14%         2    None
 Slow                     Hex            ####....     14%         2    None
 Sublimation of Blood     Necr           ####......   14%         2    None
 Throw Flame              Conj/Fire      ####..       14%         2    None
 Throw Frost              Conj/Ice       ####..       14%         2    None
 Confuse                  Hex            ####....     26%         3    #......
 Conjure Flame            Conj/Fire      ####....     26%         3    #......
 Dazzling Spray           Conj/Hex       ####..       26%         3    #......
 Ignite Poison            Fire/Tmut/Pois ####....     26%         3    #......
 Inner Flame              Hex/Fire       ####....     26%         3    #......
 Ozocubu's Armour         Chrm/Ice       ####....     26%         3    #......
 Portal Projectile        Hex/Tloc       ####..       26%         3    #......
 Recall                   Summ/Tloc      N/A          26%         3    #......
 Stone Arrow              Conj/Erth      ####..       26%         3    #......
 Tukima's Dance           Hex            ####....     26%         3    #......
 Vampiric Draining        Necr           ####......   26%         3    #......
 Animate Dead             Necr           N/A          65%         4    ###....
 Cause Fear               Hex            ####......   65%         4    ###....
 Leda's Liquefaction      Hex/Erth       ####......   65%         4    ###....
 Petrify                  Tmut/Erth      ####....     65%         4    ###....
 Sticky Flame             Conj/Fire      ####....     65%         4    ###....
 Summon Ice Beast         Ice/Summ       ####....     65%         4    ###....
 Throw Icicle             Conj/Ice       ####....     65%         4    ###....
 Alistair's Intoxication  Tmut/Pois      ####....     94%         5    #####..
 Bolt of Magma            Conj/Fire/Erth ####......   94%         5    #####..
 Borgnjor's Vile Clutch   Necr/Erth      ####......   94%         5    #####..
 Fireball                 Conj/Fire      ####......   94%         5    #####..
 Irradiate                Conj/Tmut      ####......   94%         5    #####..
 Iskenderun's Battlesphe  Conj/Chrm      ####....     94%         5    #####..
 Lee's Rapid Deconstruct  Erth           ####......   94%         5    #####..
 Venom Bolt               Conj/Pois      ####......   94%         5    #####..
 Death Channel            Necr           ####......   100%        6    ######.
 Hydra Form               Tmut           ####......   100%        6    ######.
 Iron Shot                Conj/Erth      ####......   100%        6    ######.
 Poison Arrow             Conj/Pois      ####......   100%        6    ######.
 Simulacrum               Ice/Necr       ####......   100%        6    ######.
 Statue Form              Tmut/Erth      ####.....    100%        6    ######.
 Dragon Form              Tmut           ####......   100%        7    #######
 Orb of Destruction       Conj           ####......   100%        7    #######
 Spellforged Servitor     Conj/Summ      ####......   100%        7    #######
 Chain Lightning          Conj/Air       ####......   100%        8    #######
 Lehudib's Crystal Spear  Conj/Erth      ####......   100%        8    #######
 Fire Storm               Conj/Fire      ####......   100%        9    #######
 Glaciate                 Conj/Ice       ####......   100%        9    #######


Dungeon Overview and Level Annotations

Branches:
Dungeon (15/15)            Temple (0/1) D:7            Lair (6/6) D:10
 Shoals (2/4) Lair:2       Spider (4/4) Lair:4        Slime (0/5) Lair:5
    Orc (2/2) D:10            Elf (0/3) Orc:2        Vaults (0/5) D:14
 Depths (0/5) D:15

Altars:
Ashenzari
Elyvilon
Fedhas
Kikubaaqudgha
Okawaru
Qazlal
Ru
Sif Muna
Trog
Uskayaw
Xom
Yredelemnul
The Shining One
Beogh
Jiyva

Shops:
D:5 :*   D:14 *   D:15 :!*   Orc:1 :   Orc:2 ?(}}[

Annotations:
Shoals:2 Ilsuiw


Innate Abilities, Weirdness & Mutations

Your experience applies equally to all skills.
You have very sharp teeth.
Your uncanny sense of smell can sniff out nearby items.
You have large cloven feet.
You are partially covered in rugged brown scales. (AC +1, +3% HP)
You are dopey. (Int -2)
Your natural rate of healing is unusually fast.
Your muscles are strong. (Str +2)


Message History

You kill the merfolk!
Okawaru accepts your kill.
You feel your intelligence returning.
* * * LOW HITPOINT WARNING * * *
Your lungs strain for air!
The water elemental misses you. The merfolk siren closely misses you.
The water elemental misses you.
Your gold dragon scales "Wojebleo" prevents you from hitting the merfolk siren.
You bite the merfolk siren.
The merfolk siren is lightly wounded.
* * * LOW HITPOINT WARNING * * *
Your lungs strain for air!
You block the water elemental's attack. Something hits you but does no damage.
The merfolk siren closely misses you. The water elemental hits you.
The water elemental completely misses you.
You feel better.
* * * LOW HITPOINT WARNING * * *
Your lungs strain for air!
The water elemental hits you!
You die...

PP≈.P.≈≈≈≈.##.≈≈≈
≈≈.P..≈≈..#..#..≈ ≈≈≈≈≈
≈....≈≈.#.#..#.#. ≈≈≈≈≈≈
.....≈≈..........≈≈≈≈≈≈≈
.....≈.##.}≈≈..##.≈≈≈≈≈≈
.....≈#.(.≈≈≈≈...#≈≈≈≈≈≈
.....≈#(..≈≈≈≈...#≈≈≈≈≈≈
.....≈(##..≈≈..##)≈≈≈≈≈≈
.....≈≈........E@E{≈≈≈(≈
...)(≈≈.#.#..#.#Em≈≈...(
.())..≈≈..#..#..≈≈≈..#..
≈≈....≈≈≈≈.##.≈≈≈≈......
≈≈≈.>...≈≈≈≈≈≈≈≈≈≈<....≈
≈≈≈.........#...≈≈.....(
≈≈≈.........#..≈≈..#...(
≈≈≈............≈≈≈###.(≈
≈..............≈≈≈# .≈(


You could see 3 water elementals and a merfolk siren.

Vanquished Creatures
  Kirke (D:15)
  2 frost giants (D:15)
  6 emperor scorpions
  6 ghost moths
  A reaper (IceCv)
  3 entropy weavers
  A vampire knight (D:15)
  2 spark wasps (Spider:3)
  Azrael (D:14)
  The ghost of magipi the Cleaver, a journeyman DDFi of Makhleb (Orc:2)
  A minotaur (Lab)
  2 fire dragons
  A yaktaur captain (D:15)
  An ettin (D:15)
  3 merfolk impalers
  Erolcha (D:9)
  7 vault guards
  6 hydras
  4 centaur warriors
  An ogre mage (D:15)
  3 catoblepae
  3 merfolk avatars
  8 two-headed ogres
  3 tengu warriors (D:15)
  5 orc high priests (Orc:2)
  7 death yaks
  2 fire crabs (Shoals:2)
  5 skeletal warriors
  4 unseen horrors
  6 sea snakes
  A swamp dragon (Lair:6)
  A wizard (D:15)
  4 orc knights (Orc:2)
  4 harpies (Shoals:1)
  An oklob plant (Lair:1)
  11 orb spiders
  2 deep elf magi (D:12)
  27 wolf spiders
  A lindwurm (Lair:4)
  3 necromancers (D:14)
  7 cyclopes
  2 orc sorcerers (Orc:1)
  2 fauns (Shoals:1)
  6 ugly things
  6 elephants (Lair:4)
  2 merfolk sirens (Lair:2)
  6 manticores
  2 ice statues (IceCv)
  2 gargoyles (D:15)
  3 black mambas
  An efreet (D:15)
  10 spiny frogs
  8 komodo dragons
  4 kobold demonologists
  4 rime drakes
  9 demonic crawlers
  A tengu conjurer (D:8)
  7 yaktaurs
  16 merfolk
  20 jumping spiders
  11 ice devils
  13 hornets
  A polar bear (Lair:3)
  9 trolls
  2 wind drakes
  Grinder (D:3)
  A harpy skeleton (D:15)
  A snapping turtle (Shoals:1)
  2 dream sheep (Shoals:1)
  15 hippogriffs
  3 blink frogs (Lair:4)
  5 slime creatures (D:14)
  A meliai zombie (D:12)
  66 redbacks
  5 spriggans (D:15)
  A water elemental (Lair:2)
  3 fire elementals (D:14)
  38 tarantellas
  A wraith (D:15)
  4 shadows
  2 vampires
  10 yaks
  3 basilisks
  18 humans
  A vampire mosquito (D:15)
  2 hogs (D:15)
  A hungry ghost (D:8)
  A fire bat (Shoals:2)
  2 steam dragons (Lair:6)
  6 water moccasins
  4 acid dragons
  A hell hound (D:14)
  3 floating eyes (D:15)
  3 ice beasts
  34 orc warriors
  12 porcupines
  4 sky beasts
  2 hornet zombies
  9 ogres
  10 wolves
  2 phantoms
  5 boggarts (D:14)
  7 centaurs
  12 crocodiles
  5 big kobolds
  2 elf zombies (Ossuary)
  16 bullfrogs
  3 wyvern zombies
  4 scorpions
  5 killer bees
  6 wights
  A howler monkey (D:10)
  2 electric eels
  9 crimson imps
  3 bullfrog zombies
  2 quasits
  2 gnoll shamans
  7 hounds
  23 orc wizards
  41 orc priests
  8 jellies
  Crazy Yiuf (D:3)
  3 centaur skeletons
  Terence (D:3)
  A bullfrog skeleton (D:9)
  Ijyb (D:3)
  5 iguanas
  4 hell rats (Lair:2)
  12 worker ants
  A big kobold zombie (Ossuary)
  2 hound zombies (Ossuary)
  A hound skeleton (D:11)
  4 mummies (Ossuary)
  Robin (D:3)
  A worker ant zombie (D:5)
  11 gnolls (D:6)
  A howler monkey skeleton (D:5)
  A river rat (D:10)
  13 adders
  7 shadow imps
  8 white imps (IceCv)
  7 ufetubi (IceCv)
  An adder zombie (D:10)
  4 adder skeletons
  4 worms
  A dart slug (D:1)
  6 leopard geckos
  106 orcs
  5 ball pythons
  13 bats
  5 giant cockroaches
  2 gnoll zombies (Ossuary)
  13 goblins
  12 hobgoblins
  7 jackals
  28 kobolds
  9 quokkas
  3 frilled lizards
  4 jackal zombies
  An orc zombie (Ossuary)
  12 rats
  A rat zombie (Ossuary)
  2 fungi
  2 plants
1073 creatures vanquished.

Vanquished Creatures (collateral kills)
  A rakshasa (D:15)
  An orb spider (Spider:4)
  A centaur zombie (D:13)
  A spiny frog (shapeshifter) (D:14)
  2 kobold demonologists
  A hornet (Spider:4)
  3 hell hounds (D:14)
  An orc priest (D:5)
  A centaur (D:13)
  A worker ant (D:13)
  A shadow imp (D:5)
14 creatures vanquished.

Vanquished Creatures (others)
  Nikola (Shoals:2)
  An orb spider (Spider:4)
  A cyclops (D:15)
  A centaur zombie (D:14)
  A yaktaur (D:15)
  2 tengu conjurers (D:13)
  4 humans (D:15)
  A hell hound (D:14)
  A floating eye (D:15)
  A swamp drake (Lair:6)
  2 centaurs (D:13)
  A bullfrog (D:15)
  A white imp (IceCv)
  4 ufetubi (IceCv)
  A quokka (D:6)
  2 fungi
  9 plants (Lair:4)
34 creatures vanquished.

Grand Total: 1121 creatures vanquished

Notes
Turn   | Place    | Note
-------+----------+-------------------------------------------
     0 | D:1      | Lew the Gnoll Fighter began the quest for the Orb.
     0 | D:1      | Reached XP level 1. HP: 23/23 MP: 1/1
    75 | D:1      | Reached XP level 2. HP: 27/29 MP: 2/2
   599 | D:2      | Reached XP level 3. HP: 35/35 MP: 3/3
   824 | D:2      | Reached skill level 1 in Invocations
  1002 | D:2      | Reached skill level 5 in Axes
  1002 | D:2      | Reached XP level 4. HP: 43/43 MP: 4/9
  1284 | D:3      | Reached XP level 5. HP: 42/48 MP: 10/10
  1358 | D:3      | Found an iron altar of Okawaru.
  1371 | D:3      | Noticed an ogre
  1383 | D:3      | Killed an ogre
  1383 | D:3      | Reached XP level 6. HP: 15/56 MP: 11/11
  1391 | D:3      | Noticed Robin
  1399 | D:3      | Killed Robin
  1631 | D:3      | Noticed Terence
  1645 | D:3      | Killed Terence
  1796 | D:3      | Found a runed door.
  1917 | D:3      | Noticed Grinder
  1933 | D:3      | Paralysed by Grinder for 5 turns
  1950 | D:3      | Killed Grinder
  1950 | D:3      | Reached XP level 7. HP: 51/61 MP: 11/13
  1951 | D:3      | Noticed Ijyb
  1953 | D:3      | Paralysed by Ijyb for 7 turns
  1962 | D:3      | Paralysed by Ijyb for 3 turns
  1970 | D:3      | Paralysed by Ijyb for 2 turns
  1975 | D:3      | Killed Ijyb
  1980 | D:3      | Gained mutation: Your magical capacity is low. (-10% MP) [potion of mutation]
  1980 | D:3      | Gained mutation: You possess an exceptional clarity of mind. [potion of mutation]
  1980 | D:3      | Gained mutation: You are partially covered in thin metallic scales. (AC +2) [potion of mutation]
  1980 | D:3      | Gained mutation: You passively map a small area around you. [potion of mutation]
  2467 | D:3      | Noticed Crazy Yiuf
  2475 | D:3      | Killed Crazy Yiuf
  3171 | D:4      | Found a shattered altar of Ashenzari.
  3173 | D:4      | Found a glowing golden altar of the Shining One.
  3175 | D:4      | Found a deep blue altar of Sif Muna.
  3186 | D:4      | Reached XP level 8. HP: 59/68 MP: 11/12
  3208 | D:4      | Found a hide-covered altar of Uskayaw.
  3210 | D:4      | Found a stormy altar of Qazlal.
  3210 | D:4      | Found a bloodstained altar of Trog.
  3211 | D:4      | Found an ancient bone altar of Kikubaaqudgha.
  3254 | D:4      | Found a blossoming altar of Fedhas.
  3833 | D:3      | Became a worshipper of Warmaster Okawaru
  3854 | D:5      | Entered Level 5 of the Dungeon
  3929 | D:5      | Found Voafutir's Book Emporium.
  3998 | D:5      | Found a transporter.
  4001 | D:5      | Noticed a kobold demonologist
  4067 | D:5      | Found Elaumy's Distillery.
  4075 | D:5      | Bought a potion of mutation for 112 gold pieces
  4177 | D:5      | Lost mutation: Your magical capacity is low. (-10% MP) [potion of mutation]
  4177 | D:5      | Lost mutation: You passively map a small area around you. [potion of mutation]
  4177 | D:5      | Gained mutation: Your magical capacity is low. (-10% MP) [potion of mutation]
  4177 | D:5      | Gained mutation: Your muscles are strong. (Str +2) [potion of mutation]
  4177 | D:5      | Gained mutation: Your natural rate of healing is unusually fast. [potion of mutation]
  4341 | D:5      | Found a transporter.
  4356 | D:5      | Found Ceuming's General Store.
  4874 | D:5      | Killed a kobold demonologist
  4874 | D:5      | Reached * piety under Okawaru
  4913 | D:5      | Reached skill level 5 in Invocations
  4989 | D:6      | Reached ** piety under Okawaru
  4989 | D:6      | Reached XP level 9. HP: 65/74 MP: 14/14
  5023 | D:6      | Found a glowing drain.
  5027 | Sewer    | Entered a sewer
  5180 | D:6      | Found a white marble altar of Elyvilon.
  6263 | D:7      | Found a sand-covered staircase.
  6275 | Ossuary  | Entered an ossuary
  6659 | D:7      | Found a basalt altar of Yredelemnul.
  6688 | D:7      | Found a staircase to the Ecumenical Temple.
  6807 | D:7      | Reached skill level 5 in Short Blades
  6807 | D:7      | Reached skill level 5 in Long Blades
  6807 | D:7      | Reached skill level 5 in Maces & Flails
  6807 | D:7      | Reached skill level 5 in Polearms
  6807 | D:7      | Reached skill level 5 in Staves
  6807 | D:7      | Reached skill level 5 in Slings
  6807 | D:7      | Reached skill level 5 in Bows
  6807 | D:7      | Reached skill level 5 in Crossbows
  6807 | D:7      | Reached skill level 5 in Throwing
  6807 | D:7      | Reached skill level 5 in Dodging
  6807 | D:7      | Reached skill level 5 in Stealth
  6807 | D:7      | Reached skill level 5 in Unarmed Combat
  6807 | D:7      | Reached skill level 5 in Spellcasting
  6807 | D:7      | Reached skill level 5 in Evocations
  6961 | D:7      | Found a blossoming altar of Fedhas.
  7167 | D:8      | Reached *** piety under Okawaru
  7167 | D:8      | Reached XP level 10. HP: 82/82 MP: 16/16
  7232 | D:8      | Noticed a cyclops
  7254 | D:8      | Killed a cyclops
  7307 | D:8      | Noticed a cyclops
  7311 | D:8      | Killed a cyclops
  7311 | D:8      | Reached **** piety under Okawaru
  7384 | D:8      | Got jewelled gold dragon scales
  7386 | D:8      | Got a translucent morningstar
  7515 | D:8      | Noticed a catoblepas
  7527 | D:8      | Killed a catoblepas
  7527 | D:8      | Reached ***** piety under Okawaru
  7566 | D:8      | Found a stormy altar of Qazlal.
  7897 | D:8      | Identified the +15 gold dragon scales "Wojebleo" {rPois rF+ rC+ Regen+ Int+5} (You found it on level 8 of the Dungeon)
  7898 | D:8      | Identified the cursed +0 morningstar of Fortitude {venom, rPois rF+ Dex+7} (You found it on level 8 of the Dungeon)
  7992 | D:9      | Found a shimmering altar of Xom.
  7993 | D:9      | Found a shimmering altar of Xom.
  7994 | D:9      | Found a shimmering altar of Xom.
  7994 | D:9      | Found a shimmering altar of Xom.
  7996 | D:9      | Found a shimmering altar of Xom.
  7996 | D:9      | Found a shimmering altar of Xom.
  7997 | D:9      | Found a shimmering altar of Xom.
  7999 | D:9      | Found a shimmering altar of Xom.
  8036 | D:9      | Reached skill level 5 in Conjurations
  8036 | D:9      | Reached skill level 5 in Hexes
  8036 | D:9      | Reached skill level 5 in Charms
  8036 | D:9      | Reached skill level 5 in Summonings
  8036 | D:9      | Reached skill level 5 in Necromancy
  8036 | D:9      | Reached skill level 5 in Translocations
  8036 | D:9      | Reached skill level 5 in Transmutations
  8036 | D:9      | Reached skill level 5 in Fire Magic
  8036 | D:9      | Reached skill level 5 in Ice Magic
  8036 | D:9      | Reached skill level 5 in Air Magic
  8036 | D:9      | Reached skill level 5 in Earth Magic
  8036 | D:9      | Reached skill level 5 in Poison Magic
  8036 | D:9      | Reached XP level 11. HP: 89/89 MP: 18/18
  8110 | D:9      | Noticed a two-headed ogre
  8116 | D:9      | Killed a two-headed ogre
  8163 | D:9      | Received a gift from Okawaru
  8174 | D:9      | Noticed Erolcha
  8184 | D:9      | Killed Erolcha
  8359 | D:9      | Received a gift from Okawaru
  8382 | D:9      | Got a pair of transparent boots {god gift}
  8393 | D:9      | Identified the +0 pair of boots of Tigus {rPois Dex+3} (Okawaru gifted it to you on level 9 of the Dungeon)
  8412 | D:9      | Found a sacrificial altar of Ru.
  8733 | D:10     | Entered Level 10 of the Dungeon
  8740 | D:10     | Noticed a cyclops
  8760 | D:10     | Killed a cyclops
  8887 | D:10     | Noticed a death yak
  8888 | D:10     | Found a staircase to the Lair.
  8909 | D:10     | Noticed a death yak
  8910 | D:10     | Noticed a death yak
  8924 | D:10     | Killed a death yak
  8932 | D:10     | Killed a death yak
  8950 | D:10     | Killed a death yak
  9338 | D:10     | Found a roughly hewn altar of Beogh.
  9338 | D:10     | Found a staircase to the Orcish Mines.
  9376 | D:10     | Reached XP level 12. HP: 67/96 MP: 20/20
  9615 | Orc:1    | Entered Level 1 of the Orcish Mines
  9625 | Orc:1    | Noticed a two-headed ogre
  9640 | Orc:1    | Killed a two-headed ogre
  9867 | Orc:1    | You fall through a shaft!
  9867 | Orc:2    | Entered Level 2 of the Orcish Mines
 10151 | Orc:2    | Found Luis Qeg's Magic Scroll Shop.
 10151 | Orc:2    | Found a staircase to the Elven Halls.
 10242 | Orc:2    | Found a runed door.
 10242 | Orc:2    | Noticed magipi's ghost (journeyman DDFi)
 10502 | Orc:2    | Killed magipi's ghost
 10645 | Orc:2    | Received a gift from Okawaru
 10967 | Orc:2    | Received a gift from Okawaru
 11072 | Orc:2    | Received a gift from Okawaru
 11177 | Orc:2    | Noticed an orc high priest
 11205 | Orc:2    | Noticed an orc high priest
 11206 | Orc:2    | Noticed an orc high priest
 11207 | Orc:2    | Noticed a sun demon
 11211 | Orc:2    | Noticed a soul eater
 11213 | Orc:2    | Gained mutation: You are frail. (-10% HP) [a neqoxec]
 11226 | Orc:2    | Noticed a sun demon
 11248 | Orc:2    | Killed an orc high priest
 11248 | Orc:2    | Reached skill level 10 in Fighting
 11248 | Orc:2    | Reached skill level 10 in Armour
 11248 | Orc:2    | Reached skill level 10 in Shields
 11256 | Orc:2    | Killed an orc high priest
 11374 | Orc:2    | Noticed a soul eater
 11381 | Orc:2    | Killed an orc high priest
 11636 | Orc:2    | Noticed an orc high priest
 11763 | Orc:2    | Noticed an orc high priest
 11776 | Orc:2    | Noticed a sun demon
 11777 | Orc:2    | Noticed a sun demon
 11784 | Orc:2    | Received a gift from Okawaru
 11894 | Orc:2    | Killed an orc high priest
 11902 | Orc:2    | Killed an orc high priest
 11902 | Orc:2    | Reached XP level 13. HP: 88/92 MP: 22/22
 12028 | Orc:2    | Found Quxzethre's Weapon Shop.
 12028 | Orc:2    | Found Viuxtina's Armour Shop.
 12029 | Orc:2    | Found Baaqaz's Gadget Boutique.
 12029 | Orc:2    | Found Uryqusib's Gadget Shop.
 12303 | Orc:2    | Bought 3 scrolls of blinking for 315 gold pieces
 12303 | Orc:2    | Bought a scroll of enchant armour for 105 gold pieces
 12303 | Orc:2    | Bought a scroll of teleportation for 42 gold pieces
 12549 | Orc:1    | Received a gift from Okawaru
 12581 | Orc:1    | Found Eklev's Book Emporium.
 14514 | D:13     | Received a gift from Okawaru
 14653 | D:13     | Reached ****** piety under Okawaru
 15035 | D:14     | Noticed Azrael
 15039 | D:14     | Found Jiaraq's Assorted Antiques.
 15103 | D:14     | Killed Azrael
 15639 | D:14     | Reached XP level 14. HP: 99/99 MP: 8/24
 15658 | D:14     | Paralysed by a floating eye for 4 turns
 15856 | D:14     | Found a basalt altar of Yredelemnul.
 15910 | D:14     | Found a deep blue altar of Sif Muna.
 16114 | D:14     | Reached skill level 10 in Axes
 16333 | D:14     | Received a gift from Okawaru
 16394 | D:14     | Found a gate to the Vaults.
 16786 | D:14     | Identified a scroll of acquirement
 16793 | D:14     | Bought a small citrine amulet for 205 gold pieces
 16793 | D:14     | Bought a scroll labeled ISONGA GIBYBE for 41 gold pieces
 17116 | Orc:1    | Bought a manual of Long Blades for 1545 gold pieces
 17201 | Orc:2    | Bought a +4 scimitar of slicing for 392 gold pieces
 17390 | D:5      | Bought a potion of might for 56 gold pieces
 17390 | D:5      | Bought a potion of heal wounds for 70 gold pieces
 17390 | D:5      | Bought a potion of invisibility for 112 gold pieces
 17390 | D:5      | Bought a potion of haste for 140 gold pieces
 17390 | D:5      | Bought a potion of curing for 42 gold pieces
 17390 | D:5      | Bought a potion of heal wounds for 70 gold pieces
 17473 | D:5      | Bought a scroll of fog for 30 gold pieces
 17473 | D:5      | Bought a scroll of remove curse for 45 gold pieces
 17473 | D:5      | Bought a scroll of remove curse for 45 gold pieces
 17473 | D:5      | Bought a potion of curing for 45 gold pieces
 17473 | D:5      | Bought a scroll of remove curse for 45 gold pieces
 17623 | D:15     | Entered Level 15 of the Dungeon
 17680 | D:15     | Received a gift from Okawaru
 17680 | D:15     | Reached skill level 10 in Invocations
 17766 | D:15     | Found a staircase to the Depths.
 17766 | D:15     | Noticed a frost giant
 17782 | D:15     | Killed a frost giant
 17814 | D:15     | Got a fine halberd
 17820 | D:15     | Identified the +8 halberd "Sarghe" {antimagic, rElec} (You found it on level 15 of the Dungeon)
 17877 | D:15     | Got a crude ivory ring
 17891 | D:15     | Paralysed by a floating eye for 3 turns
 18070 | D:15     | Identified the ring of Dughoz {Wiz rElec rC- rN+++ Stlth+} (You found it on level 15 of the Dungeon)
 18286 | D:15     | Noticed a vampire knight
 18327 | D:15     | Killed a vampire knight
 18363 | D:15     | Noticed Kirke
 18394 | D:15     | HP: 4/101 [lindwurm/blast of flame[Kirke] (40)]
 18502 | D:15     | Killed Kirke
 18502 | D:15     | Received a gift from Okawaru
 18502 | D:15     | Reached skill level 10 in Long Blades
 18502 | D:15     | Reached XP level 15. HP: 97/107 MP: 25/25
 18519 | D:15     | Found Yngie's Distillery.
 18748 | D:15     | Got a diamond-encrusted leather armour
 18761 | D:15     | Found Karchemivo's Assorted Antiques.
 18790 | D:15     | Paralysed by a floating eye for 2 turns
 18905 | D:15     | Got a clouded lead ring
 18906 | D:15     | Identified the ring "Xean" {EV+3 Dex+3} (You found it on level 15 of the Dungeon)
 18907 | D:15     | Identified the +0 leather armour of the City {MR+ Regen+ Dex+6} (You found it on level 15 of the Dungeon)
 19068 | D:15     | Found Xuvais's Book Shop.
 19068 | D:15     | Noticed a frost giant
 19081 | D:15     | Killed a frost giant
 19150 | D:15     | Received a gift from Okawaru
 19275 | D:15     | Reached skill level 10 in Short Blades
 19275 | D:15     | Reached skill level 10 in Maces & Flails
 19275 | D:15     | Reached skill level 10 in Polearms
 19275 | D:15     | Reached skill level 10 in Staves
 19275 | D:15     | Reached skill level 10 in Slings
 19275 | D:15     | Reached skill level 10 in Bows
 19275 | D:15     | Reached skill level 10 in Crossbows
 19275 | D:15     | Reached skill level 10 in Throwing
 19275 | D:15     | Reached skill level 10 in Dodging
 19275 | D:15     | Reached skill level 10 in Stealth
 19275 | D:15     | Reached skill level 10 in Unarmed Combat
 19275 | D:15     | Reached skill level 10 in Spellcasting
 19275 | D:15     | Reached skill level 10 in Evocations
 19285 | D:15     | Got a scorched golden ring
 19465 | D:15     | Identified the ring "Binas" {+Blink +Inv rElec MR+ AC+4} (You took it off an orc warrior on level 15 of the Dungeon)
 19755 | Lair:1   | Entered Level 1 of the Lair of Beasts
 20653 | Lair:2   | Found a staircase to the Shoals.
 22310 | Lair:4   | Found a hole to the Spider Nest.
 22678 | Lair:4   | Received a gift from Okawaru
 22679 | Lair:4   | Found the +5 pair of quick blades "Gyre" and "Gimble" {pierce, Dex-3}
 22827 | Lair:5   | Found a labyrinth entrance.
 22836 | Lab      | Entered a labyrinth
 23021 | Lair:5   | Reached XP level 16. HP: 106/114 MP: 27/27
 23060 | Lair:5   | Found a runed door.
 23061 | Lair:5   | Found a viscous altar of Jiyva.
 23063 | Lair:5   | Found a staircase to the Slime Pits.
 23740 | Lair:6   | Entered Level 6 of the Lair of Beasts
 23871 | Lair:6   | Found a frozen archway.
 23898 | IceCv    | Entered an ice cave
 24090 | IceCv    | Received a gift from Okawaru
 24113 | IceCv    | Got a pitted hand crossbow {god gift}
 24170 | IceCv    | Identified the +7 hand crossbow "Dragon's Nightmare" {penet, MR+ Int+4} (Okawaru gifted it to you in an ice cave)
 25254 | Spider:1 | Entered Level 1 of the Spider Nest
 25451 | Spider:1 | Received a gift from Okawaru
 25671 | Spider:1 | Got a warped robe {god gift}
 25672 | Spider:1 | Identified the +2 robe of Death's Door {*Slow rCorr Dex+3} (Okawaru gifted it to you on level 1 of the Spider Nest)
 26728 | Spider:2 | Lost mutation: Your muscles are strong. (Str +2) [mutagenic glow]
 27175 | Spider:3 | Reached XP level 17. HP: 121/121 MP: 28/28
 27348 | Spider:3 | Received a gift from Okawaru
 27407 | Spider:3 | Found a transporter.
 27448 | Spider:3 | Found a transporter.
 27544 | Spider:3 | Identified the amulet "Tibreol" {MR++ Regen+ Dex-2 Stlth+} (You found it on level 3 of the Spider Nest)
 27926 | Spider:3 | Gained mutation: You are dopey. (Int -2) [mutagenic glow]
 27927 | Spider:3 | Lost mutation: You are partially covered in thin metallic scales. (AC +2) [potion of mutation]
 27927 | Spider:3 | Lost mutation: Your magical capacity is low. (-10% MP) [potion of mutation]
 27927 | Spider:3 | Lost mutation: You possess an exceptional clarity of mind. [potion of mutation]
 27927 | Spider:3 | Gained mutation: Armour fits poorly on your strangely shaped body. [potion of mutation]
 27927 | Spider:3 | Gained mutation: You are clumsy. (Dex -2) [potion of mutation]
 27927 | Spider:3 | Gained mutation: You have an increased reservoir of magic. (+10% MP) [potion of mutation]
 27928 | Spider:3 | Lost mutation: Armour fits poorly on your strangely shaped body. [potion of mutation]
 27928 | Spider:3 | Lost mutation: You are clumsy. (Dex -2) [potion of mutation]
 27928 | Spider:3 | Gained mutation: You occasionally shout uncontrollably at your foes. [potion of mutation]
 27928 | Spider:3 | Gained mutation: You are partially covered in rugged brown scales. (AC +1, +3% HP) [potion of mutation]
 27929 | Spider:3 | Lost mutation: You have an increased reservoir of magic. (+10% MP) [potion of mutation]
 27929 | Spider:3 | Lost mutation: You occasionally shout uncontrollably at your foes. [potion of mutation]
 27929 | Spider:3 | Lost mutation: You are frail. (-10% HP) [potion of mutation]
 27929 | Spider:3 | Gained mutation: Your muscles are strong. (Str +2) [potion of mutation]
 27929 | Spider:3 | Gained mutation: You have large cloven feet. [potion of mutation]
 28096 | Spider:3 | Got a flickering tin ring
 28109 | Spider:3 | Identified the ring of Recklessness {MR++ MP+9 Str+4 Dex-3} (You found it on level 3 of the Spider Nest)
 28110 | Spider:3 | Identified the amulet of Leogeiqa {+Rage rElec MR+ Dex+6} (You found it on level 3 of the Spider Nest)
 28132 | Spider:4 | Entered Level 4 of the Spider Nest
 28380 | Spider:4 | Received a gift from Okawaru
 28782 | Spider:4 | Received a gift from Okawaru
 28936 | Spider:4 | Received a gift from Okawaru
 29042 | Spider:4 | Received a gift from Okawaru
 29221 | Spider:4 | Got a gossamer rune of Zot
 29873 | D:15     | Bought a book of Necromancy for 420 gold pieces
 29896 | D:15     | Learned a level 3 spell: Regeneration
 30030 | Shoals:1 | Entered Level 1 of the Shoals
 30167 | Lair:2   | Reached skill level 10 in Conjurations
 30167 | Lair:2   | Reached skill level 10 in Hexes
 30167 | Lair:2   | Reached skill level 10 in Charms
 30167 | Lair:2   | Reached skill level 10 in Summonings
 30167 | Lair:2   | Reached skill level 10 in Necromancy
 30167 | Lair:2   | Reached skill level 10 in Translocations
 30167 | Lair:2   | Reached skill level 10 in Transmutations
 30167 | Lair:2   | Reached skill level 10 in Fire Magic
 30167 | Lair:2   | Reached skill level 10 in Ice Magic
 30167 | Lair:2   | Reached skill level 10 in Air Magic
 30167 | Lair:2   | Reached skill level 10 in Earth Magic
 30167 | Lair:2   | Reached skill level 10 in Poison Magic
 30505 | Shoals:1 | Reached XP level 18. HP: 147/147 MP: 33/33
 31193 | Shoals:1 | Received a gift from Okawaru
 31458 | Shoals:2 | Noticed Nikola
 31479 | Shoals:2 | Killed Nikola
 31800 | Shoals:2 | Noticed Ilsuiw
 31849 | Shoals:2 | Slain by a water elemental

Skill      XL: |  1  2  3  4  5  6  7  8  9 10 11 12 13 14 15 16 17 |
---------------+----------------------------------------------------+-----
Invocations    | 4 5 6 7 8 9 10 11 12 | 12.8
Fighting       | 7 8 9 10 11 12 13 | 13.3
Short Blades   | 3 4 5 6 7 8 9 10 11 | 11.9
Long Blades    | 3 4 5 6 7 8 10 11 12 13 | 13.9
Axes           | 5 6 7 8 9 10 11 12 | 12.6
Maces & Flails | 3 4 5 6 7 8 9 10 11 | 11.9
Polearms       | 3 4 5 6 7 8 9 10 11 | 11.9
Staves         | 3 4 5 6 7 8 9 10 11 | 11.9
Slings         | 3 4 5 6 7 8 9 10 11 | 11.9
Bows           | 3 4 5 6 7 8 9 10 11 | 11.9
Crossbows      | 3 4 5 6 7 8 9 10 11 | 11.9
Throwing       | 3 4 5 6 7 8 9 10 11 | 11.9
Armour         | 7 8 9 10 11 12 13 | 13.3
Dodging        | 3 4 5 6 7 8 9 10 11 | 11.9
Stealth        | 3 4 5 6 7 8 9 10 11 | 11.9
Shields        | 7 8 9 10 11 12 13 | 13.3
Unarmed Combat | 3 4 5 6 7 8 9 10 11 | 11.9
Spellcasting   | 3 4 5 6 7 8 9 10 11 | 11.9
Conjurations   | 3 4 5 6 7 8 9 10 | 10.2
Hexes          | 3 4 5 6 7 8 9 10 | 10.2
Charms         | 3 4 5 6 7 8 9 10 | 10.2
Summonings     | 3 4 5 6 7 8 9 10 | 10.2
Necromancy     | 3 4 5 6 7 8 9 10 | 10.2
Translocations | 3 4 5 6 7 8 9 10 | 10.2
Transmutations | 3 4 5 6 7 8 9 10 | 10.2
Fire Magic     | 3 4 5 6 7 8 9 10 | 10.2
Ice Magic      | 3 4 5 6 7 8 9 10 | 10.2
Air Magic      | 3 4 5 6 7 8 9 10 | 10.2
Earth Magic    | 3 4 5 6 7 8 9 10 | 10.2
Poison Magic   | 3 4 5 6 7 8 9 10 | 10.2
Evocations     | 3 4 5 6 7 8 9 10 11 | 11.9

Action                   |  1- 3 |  4- 6 |  7- 9 | 10-12 | 13-15 | 16-18 || total
-------------------------+-------+-------+-------+-------+-------+-------++-------
Melee: War axe           |    94 |    87 |   471 |   896 |  1025 |     7 ||  2580
       Bite              |     8 |     9 |    74 |   226 |   427 |   269 ||  1013
       Morningstar       |       |       |       |   114 |   617 |    14 ||   745
       Hand axe          |       |       |       |       |    30 |       ||    30
       Scimitar          |       |       |       |       |   130 |  1156 ||  1286
       Unarmed           |       |       |       |       |    19 |       ||    19
       Pair of quick bla |       |       |       |       |    22 |       ||    22
 Fire: Hand crossbow     |       |       |       |       |       |   265 ||   265
 Cast: Regeneration      |       |       |       |       |       |     1 ||     1
Invok: Heroism           |       |       |       |     1 |       |     1 ||     2
       Finesse           |       |       |       |       |       |     1 ||     1
 Abil: Evoke Invisibilit |       |       |       |       |       |     7 ||     7
Evoke: Wand              |       |       |     6 |    23 |    29 |     3 ||    61
       Lamp of fire      |       |       |       |       |     1 |       ||     1
  Use: Scroll            |     7 |       |    13 |    13 |    25 |    26 ||    84
       Potion            |     1 |       |     8 |     4 |     6 |    25 ||    44
 Stab: Invisible         |       |       |     2 |       |       |    23 ||    25
       Petrified         |       |       |       |     1 |     1 |       ||     2
       Paralysed         |       |       |       |     1 |       |       ||     1
       Confused          |       |       |       |       |       |     1 ||     1
  Eat: Chunk             |       |     3 |     4 |    12 |    29 |     1 ||    49
       Ration            |       |       |     4 |     3 |     5 |     8 ||    20
Armor: Scale mail        |    31 |       |       |       |       |       ||    31
       Chain mail        |       |    51 |   237 |   142 |       |       ||   430
       Gold dragon scale |       |       |       |   493 |  1496 |  1480 ||  3469
Dodge: Dodged            |    29 |    24 |   165 |   282 |   621 |  1008 ||  2129
Block: Shield            |    51 |    63 |   299 |   749 |   265 |       ||  1427
       Buckler           |       |       |       |       |   888 |   999 ||  1887
       Reflection        |       |       |       |       |    28 |    24 ||    52
       Rpst.: Scimitar   |       |       |       |       |    14 |   175 ||   189
